 Dungeon Crawl Stone Soup version 0.27.1-1-g398f81649c (webtiles) character file.

Game seed: 17717109849251378047

319 phibes the Sneak (level 6, 0/36 HPs)
             Began as an Octopode Venom Mage on Sept 13, 2021.
             Was a Believer of Qazlal.
             Succumbed to a gnoll's poison
             ... on level 4 of the Dungeon on Sept 14, 2021.
             The game lasted 01:54:07 (7706 turns).

phibes the Sneak (Octopode Venom Mage)              Turns: 7706, Time: 01:54:08

Health: 0/36       AC:  0    Str:  8    XL:     6   Next: 45%
Magic:  6/11       EV: 19    Int: 18    God:    Qazlal [**....]
Gold:   184        SH:  2    Dex: 18    Spells: 7/12 levels left

rFire    . . .     SeeInvis .   (weapon currently unavailable)
rCold    . . .     Faith    .   (shield currently unavailable)
rNeg     . . .     Spirit   .   (helmet currently unavailable)
rPois    .         Reflect  .   (no amulet)
rElec    .         Harm     .   (ring currently unavailable)
rCorr    .         Rampage  .   (ring currently unavailable)
Will     .....                  (ring currently unavailable)
Stlth    +++.......             (ring currently unavailable)
HPRegen  0.12/turn              (ring currently unavailable)
MPRegen  0.12/turn              (ring currently unavailable)
                                (ring currently unavailable)
                                (ring currently unavailable)

@: lethally poisoned (0 -> -2), bat-form, flying, very quick
A: fast, flying, no casting, almost no armour, (amphibious), (8 rings), tiny,
(camouflage 1), (gelatinous body 1), (nimble swimmer 1), (tentacles)
a: Renounce Religion, Upheaval


You were on level 4 of the Dungeon.
You worshipped Qazlal.
Qazlal was pleased with you.
You were a bat.
You visited 1 branch of the dungeon, and saw 4 of its levels.

You collected 184 gold pieces.

Inventory:

Missiles
 c - 2 throwing nets
Jewellery
 j - a ring of willpower (melded)
 k - a ring of protection from cold (melded)
Wands
 g - a wand of polymorph (6)
Scrolls
 a - a scroll of immolation
 e - 6 scrolls of identify
 f - a scroll of enchant armour


   Skills:
 - Level 2.0 Dodging
 + Level 5.8 Stealth
 + Level 3.8 Spellcasting
 - Level 1.0 Transmutations
 + Level 5.7 Poison Magic


You had 7 spell levels left.
You knew the following spells:

 Your Spells              Type           Power      Damage    Failure   Level
a - Sting                 Tmut/Pois      60%        1d6       3%          1
b - Olgreb's Toxic Radia  Pois           24%        N/A       14%         4

Your spell library contained the following spells:

 Spells                   Type           Power      Damage    Failure   Level
 Poisonous Vapours        Pois/Air       26%        N/A       7%          2
 Mephitic Cloud           Conj/Pois/Air  10%        N/A       21%         3
 Malign Gateway           Summ/Tloc      1%         N/A       100%        7
 Summon Horrible Things   Summ           1%         N/A       100%        8


Dungeon Overview and Level Annotations

Branches:
Dungeon (4/15)
 Temple: D:4-7

Altars:
Qazlal

Annotations:
D:2 1 runed translucent door, Crazy Yiuf
D:4 Eustachio


Innate Abilities, Weirdness & Mutations

You are a bat.
You are tiny and dextrous.
You move quickly.
You are flying.
Your equipment is almost entirely melded.
You are incapable of wielding weapons or throwing items.
You cannot cast spells.
You cannot wear most types of armour.
((You are amphibious.))
((You can wear up to eight rings at the same time.))
((Your skin changes colour to match your surroundings (Stealth+).))
((Your rubbery body absorbs attacks. (AC +1, EV +1)))
((You are camouflaged near water. (Stealth+)))
((You have tentacles for arms and can constrict up to eight enemies at once.))


Message History

Aim: a gnoll, wielding a +2 spear of venom and quivering stones (lightly wounded, poisoned, 77% to hit)
The sting hits the gnoll.
The gnoll looks even sicker.
The gnoll is moderately wounded.
The gnoll hits you from afar with a +2 spear of venom!
You are lethally poisoned!
Unknown command.
You feel very sick.
You feel very sick.
The gnoll throws a stone.
The stone closely misses you.
* * * LOW HITPOINT WARNING * * *
You feel very sick.
The gnoll throws a stone.
The stone closely misses you.
* * * LOW HITPOINT WARNING * * *
You feel sick.
* * * LOW HITPOINT WARNING * * *
You feel sick.
Casting: Sting (safe; 3% risk of failure)
Confirm with . or Enter, or press ? or * to list all spells.
Aiming: Sting (safe; 3% risk of failure)
Press: ? - help, Shift-Dir - straight line, f/p - gnoll
Aim: a gnoll, wielding a +2 spear of venom and quivering stones (almost dead, poisoned, 77% to hit)
The sting hits the gnoll.
The gnoll looks even sicker.
You kill the gnoll!
Qazlal accepts your kill.
You hear a splash. x2
* * * LOW HITPOINT WARNING * * *
You feel sick.
Aiming: Polymorph
Press: ? - help, Shift-Dir - straight line, f - you You turn into a bat.
Your ring of willpower melds into your body.
Your ring of protection from cold melds into your body.
* * * LOW HITPOINT WARNING * * *
You feel sick.
Unknown command.
* * * LOW HITPOINT WARNING * * *
You feel sick.
* * * LOW HITPOINT WARNING * * *
You feel sick.
You die...

###..###.#
#.# #.# ###
##.# #..
#.####.# .#..
##.#
#..h##....##
.... #≈.#
....######
##..####≈.#
####
##.....(≈≈.#
.......≈≈..##
##....≈...#
####
##....≈.b.#
##(.#
#....≈))§.#
#....
#..###≈≈...#
#.... ...
#≈≈.#.##
##..#. ..
#≈≈≈.#.#
#..###
##≈>.#.#
##.## #
#...#..
###.## #
...##..
##..## ..##
#..# #..##


There were no monsters in sight!

Vanquished Creatures
  A phantom (D:1)
  Robin (D:2)
  8 gnolls
  7 adders
  An ufetubus (D:4)
  4 worms
  A dart slug (D:2)
  2 orcs
  3 bats
  3 endoplasms
  4 giant cockroaches
  6 hobgoblins
  8 jackals
  3 quokkas
  2 ball pythons
  A frilled lizard (D:2)
  10 goblins
  4 kobolds
  8 rats
77 creatures vanquished.

Notes
Turn   | Place    | Note
-------+----------+-------------------------------------------
     0 | D:1      | phibes the Octopode Venom Mage began the quest for the Orb.
     0 | D:1      | Reached XP level 1. HP: 11/11 MP: 3/3
   284 | D:1      | Found a faded altar of an unknown god.
   294 | D:1      | Became a worshipper of Qazlal Stormbringer
   294 | D:1      | Reached * piety under Qazlal
   872 | D:1      | Reached XP level 2. HP: 9/17 MP: 3/5
  1557 | D:2      | Found a runed translucent door.
  1685 | D:2      | Reached XP level 3. HP: 7/21 MP: 3/6
  2246 | D:2      | Noticed Crazy Yiuf
  3141 | D:3      | Reached XP level 4. HP: 27/27 MP: 4/8
  3568 | D:4      | Noticed a phantom
  4487 | D:4      | Reached XP level 5. HP: 23/31 MP: 5/9
  5035 | D:4      | Noticed Eustachio
  5456 | D:4      | Reached skill level 5 in Poison Magic
  5478 | D:4      | Noticed a phantom
  5478 | D:4      | Noticed a centaur
  6255 | D:2      | Reached skill level 5 in Stealth
  6532 | D:1      | Killed a phantom
  6533 | D:1      | Reached XP level 6. HP: 15/36 MP: 11/11
  6706 | D:1      | Learned a level 4 spell: Olgreb's Toxic Radiance
  6728 | D:1      | Reached ** piety under Qazlal
  7003 | D:2      | Noticed Robin
  7020 | D:2      | Killed Robin
  7704 | D:4      | HP: 1/36 [poisoned by a gnoll]
  7706 | D:4      | Succumbed to a gnoll's poison

Illustrated notes

Levels and vault maps discovered:
D:1:      dpeg_arrival_prison, layout_basic, basic_ecumenical_altar
D:2:      layout_loops_corners, minmay_misc_feat_alley, uniq_robin,
          uniq_crazy_yiuf_cottage
D:3:      layout_basic, kennysheep_cross_bottleneck
D:4:      minmay_chambers_of_fours, layout_layer_cave,
          chequers_serial_rivers_small_a, uniq_eustachio

Skill      XL: |  1  2  3  4  5 |
---------------+----------------+-----
Stealth        | 3 4 5 |  5.8
Poison Magic   | 4 5 |  5.7
Spellcasting   | 3 |  3.8
Dodging        | |  2.0
Transmutations | |  1.0

Action                   |  1- 3 |  4- 6 || total
-------------------------+-------+-------++-------
Melee: Unarmed           |     7 |     3 ||    10
       Constrict         |     1 |     1 ||     2
       Tentacles         |     1 |     1 ||     2
 Cast: Sting             |    56 |   104 ||   160
       Olgreb's Toxic Ra |       |     1 ||     1
Evoke: Wand              |       |     1 ||     1
  Use: Potion            |       |     4 ||     4
       Scroll            |       |     3 ||     3
Armor: Skin              |     7 |     2 ||     9
Dodge: Dodged            |    21 |    46 ||    67
Block: Other             |     3 |     8 ||    11
